 Dungeon Crawl Stone Soup version 0.31-a0-177-g4aa6249778 (webtiles) character file.

Game seed: 18107082939516166986

118993 qw the Severer (level 16, -10/106 HPs)
             Began as a Gargoyle Fighter on June 18, 2023.
             Was a High Priest of Okawaru.
             Killed from afar by an ophan (29 damage)
             ... with a bolt of fire
             ... on level 2 of the Abyss.
             The game lasted 00:15:29 (24628 turns).

qw the Severer (Gargoyle Fighter)                  Turns: 24628, Time: 00:15:30

Health: -10/106    AC: 54    Str: 28    XL:     16   Next: 78%
Magic:  21/23      EV: 13    Int: 12    God:    Okawaru [*****.]
Gold:   1459       SH: 14    Dex:  7    Spells: 15/15 levels left

rFire   . . .        Y - +1 broad axe (protect)
rCold   + + .        w - +1 kite shield {reflect}
rNeg    + . .        H - +3 plate armour {rF+}
rPois   inf          B - +5 hat "Unagucror" {Stlth+}
rElec   +            x - scarf {repulsion}
rCorr   .            f - +2 pair of gloves
SInv    .            n - +2 pair of slick slippers {slick, slippery, EV+4}
Will    ++...        u - amulet of regeneration Stlth
                     h - +4 ring of protection
HPRegen 1.17/turn    p - ring of Luff {rF- rC++ Will+ Str+3 Int+2}
MPRegen 0.18/turn

%: repel missiles, reflection
@: about to teleport, heroic, under a protective aura, flying, glowing
A: sickness immunity, AC +12, big wings, negative energy resistance 1,
electricity resistance, torment resistance 1, petrification resistance, clumsy
1, weak 1
a: Renounce Religion, Heroism, Finesse, Duel


You were on level 2 of the Abyss.
You worshipped Okawaru.
Okawaru was extremely pleased with you.
You visited 5 branches of the dungeon, and saw 26 of its levels.
You visited the Abyss 1 time.
You also visited: Sewer and Gauntlet.

You collected 2866 gold pieces.
You spent 1407 gold pieces at shops.


Innate Abilities, Weirdness & Mutations

You are immune to sickness and miasma.
Your stone body is resilient. (AC +12)
You are immune to poison.
Your large and strong wings let you fly.
You resist negative energy. (rN+)
You are resistant to electric shocks. (rElec)
You are resistant to unholy torment.
You are immune to petrification.
You are clumsy. (Dex -2)
You are weak. (Str -2)


   Skills:
 - Level 14.0(19.0) Fighting
 - Level 18.0(23.0) Axes
 + Level 4.5(9.5) Throwing
 - Level 11.3(16.3) Armour
 - Level 2.0(7.0) Dodging
 - Level 14.0(19.0) Shields
 - Level 10.0 Invocations


You had 15 spell levels left.
You didn't know any spells.
Your spell library was empty.

Inventory:

Hand Weapons
 c - a +5 morningstar
 s - a +1 demon whip of venom
 Y - a +1 broad axe of protection (weapon)
Missiles
 j - 3 javelins
 G - 7 boomerangs (quivered)
Armour
 f - a +2 pair of gloves (worn)
 n - the +2 pair of slick slippers (worn) {slick, slippery, EV+4}
   (You acquired it on level 5 of the Lair of Beasts)

   Slick:     Its wearer cannot be constricted, engulfed, netted or webbed.
   Slippery:  Its wearer slips away from damaging melee attacks, pulling the
   attacker onward.
   EV:        It affects your evasion (+4).
 q - a +0 cloak
 w - a +1 kite shield of reflection (worn)
 x - a scarf of repulsion (worn)
 A - the +0 cloak "Nub Gist" {Harm rN+ Will+}
   (Okawaru gifted it to you on level 1 of the Lair of Beasts)

   rN:        It protects you from negative energy.
   Harm:      It increases damage dealt and taken.
   Will:      It increases your willpower.
 B - the +5 hat "Unagucror" (worn) {Stlth+}
   (You found it in a Gauntlet)

   Stlth:     It makes you more stealthy.
 C - +0 acid dragon scales
 H - a +3 plate armour of fire resistance (worn)
 I - the +0 pair of boots of Feasting {rC+ Str+4 Int+2}
   (Okawaru gifted it to you on level 15 of the Dungeon)

   Str:       It affects your strength (+4).
   Int:       It affects your intelligence (+2).
   rC:        It protects you from cold.
Jewellery
 e - a +6 ring of dexterity
 h - a +4 ring of protection (left hand)
 i - a ring of resist corrosion
 p - the ring of Luff (right hand) {rF- rC++ Will+ Str+3 Int+2}
   (You found it in a Gauntlet)

   [ring of willpower]

   Str:       It affects your strength (+3).
   Int:       It affects your intelligence (+2).
   rF:        It makes you vulnerable to fire.
   rC:        It greatly protects you from cold.
   Will:      It increases your willpower.
 u - an amulet of regeneration (around neck)
 z - a ring of protection from fire
 E - a ring of protection from cold
Wands
 y - a wand of digging (12)
Scrolls
 b - 9 scrolls of identify
 k - 6 scrolls of teleportation
Potions
 a - 5 potions of magic
 d - 8 potions of might
 g - 7 potions of mutation
 l - a potion of resistance
 m - a potion of cancellation
 o - 6 potions of curing
 r - 3 potions of lignification
 t - 5 potions of attraction
 v - 2 potions of enlightenment
 D - a potion of haste

Dungeon Overview and Level Annotations

Branches:
Dungeon (15/15)            Temple (1/1) D:6            Lair (5/5) D:10
 Shoals (3/4) Lair:3       Spider (0/4) Lair:2        Slime (0/5) Lair:4
    Orc (2/2) D:11            Elf (0/3) Orc:2        Vaults (0/5) D:13
 Depths (0/4) D:15          Sewer (visited)         Gauntlet (visited)

Altars:
Ashenzari
Cheibriados
Dithmenos
Elyvilon
Fedhas
Gozag
Hepliaklqana
Kikubaaqudgha
Makhleb
Nemelex Xobeh
Okawaru
Qazlal
Ru
Sif Muna
Trog
Uskayaw
Vehumet
Wu Jian
Xom
Yredelemnul
Zin
The Shining One
Jiyva

Shops:
D:1 [   D:4 =   D:7 [   D:8 (   Orc:2 *([:?   Shoals:1 *

Annotations:
D:9 1 runed translucent door
Shoals:1 3 runed translucent doors, qw's ghost, adept GrFi


Message History

You hit the blizzard demon.
The blizzard demon is severely wounded.
You hit the ophan.
The ophan calls forth blessed flames!
Blessed fire suddenly surrounds you!
The will-o-the-wisp gestures.
The will-o-the-wisp conjures some foxfire!
The blizzard demon closely misses you.
The blizzard demon hits you but does no damage. 2 foxfires come into view.
You hit the blizzard demon.
The blizzard demon is severely wounded.
You barely miss the ophan.
The foxfire dissipates!
The ophan harnesses the cleansing power of fire!
The bolt of fire hits you!!!
The bolt of fire hits the foxfire.
The foxfire completely resists.
The bolt of fire hits the foxfire.
The foxfire completely resists.
24627 ||| INVOKING Heroism.
You gain the combat prowess of a mighty hero.
The foxfire hits you!! The blizzard demon gestures at you.
The bolt of lightning hits you but does no damage.
You resist. The bolt of lightning hits you! You resist.
The bolt of lightning hits the blizzard demon.
The blizzard demon completely resists.
The bolt of lightning hits the foxfire!!
The bolt of lightning hits the will-o-the-wisp.
The will-o-the-wisp resists.
You hear a chilling moan.
Something shouts, "Go and return not, thou feckless fen-sucked nightsoil!"
You hear a bellow!
24628 ||| READING 7 scrolls of teleportation.
As you read the scroll of teleportation, it crumbles to dust.
You feel strangely unstable.
You feel the power of the Abyss delaying your translocation!
The blizzard demon misses you. The blizzard demon barely misses you.
The ophan harnesses the cleansing power of fire!
The bolt of fire hits you!!
You die...

. #. ## #. .. .
.. .# . ##. #.#
. . #.. .¤ .# ..
#.#v##.#...
#...###.#......#
...#@2v.#
##.%¤#G.#....
#.....#%#.#..###
.#... #.#...#.#
.#% #..###G # ..
# . ..#. ..
..... #. # .#.
.# . . .


You could see an ophan, a blizzard demon and a will-o-the-wisp.

Vanquished Creatures
  Nikola (Shoals:2)
  A bone dragon (Abyss:2)
  Jorgrun (Orc:2)
  Ilsuiw (Shoals:2)
  A fire giant (D:15)
  An orc warlord (Orc:1)
  A stone giant (Orc:2)
  A minotaur (Gauntlet)
  An eidolon (Abyss:2)
  3 ettins (Orc:2)
  2 merfolk impalers
  A fire dragon (Lair:2)
  5 vault guards (D:13)
  9 centaur warriors
  A merfolk avatar (Shoals:1)
  3 catoblepae
  4 hydras
  2 two-headed ogres
  A deep troll shaman (Lair:5)
  6 boulder beetles
  10 death yaks (Lair:5)
  A death scarab (Gauntlet)
  A satyr (Shoals:3)
  A demonic crawler (Abyss:2)
  A thrashing horror (Abyss:2)
  A sixfirhy (Abyss:2)
  Amaemon (Lair:1)
  3 skysharks
  3 sea snakes
  2 deep elf archers (D:13)
  A wizard (D:13)
  4 harpies (Shoals:2)
  An orc knight (Orc:1)
  3 deep elf pyromancers
  A shining eye (Gauntlet)
  A lindwurm (Lair:5)
  3 oklob plants (Lair:4)
  15 cyclopes
  3 ugly things
  8 fauns
  3 orc sorcerers
  7 manticores
  5 torpor snails (Lair:2)
  2 water nymphs
  9 elephants
  13 cane toads
  2 black mambas
  A guardian serpent (shapeshifter) (D:15)
  An eye of devastation (Gauntlet)
  2 merfolk sirens (Shoals:2)
  2 orange demons
  2 smoke demons (Abyss:2)
  2 gargoyles
  3 rime drakes
  2 kobold demonologists
  6 komodo dragons
  2 unseen horrors
  A tengu conjurer (D:14)
  2 ancient zymes (Abyss:2)
  4 polar bears
  9 merfolk
  7 trolls
  3 wind drakes
  3 raiju (Abyss:2)
  Prince Ribbit (D:8)
  2 dream sheep (Shoals:1)
  19 blink frogs
  5 snapping turtles
  A raiju (shapeshifter) (D:13)
  A spectral black mamba (Gauntlet)
  15 slime creatures
  37 yaks
  2 water elementals (Shoals:1)
  3 wraiths
  4 wyverns
  2 ynoxinuls (Abyss:2)
  4 starcursed masses (Abyss:2)
  A vampire (D:12)
  A golden eye (shapeshifter) (D:8)
  5 basilisks
  A death yak simulacrum (Orc:2)
  2 steam dragons (D:8)
  A chaos spawn (Abyss:2)
  A human (shapeshifter) (D:13)
  Menkaure (D:7)
  11 vampire mosquitoes
  4 wargs (D:10)
  4 floating eyes (Gauntlet)
  11 water moccasins
  2 acid dragons
  18 orc warriors
  5 large abominations
  A sky beast (Abyss:2)
  3 black bears
  2 ice beasts
  7 ogres
  7 wolves
  17 centaurs
  9 kobold brigands
  4 phantoms
  22 bullfrogs
  A cane toad simulacrum (Orc:2)
  2 gnoll sergeants (D:11)
  9 scorpions
  A two-headed ogre simulacrum (Orc:2)
  2 wights
  13 killer bees
  7 howler monkeys
  3 electric eels
  A crimson imp (Abyss:2)
  3 jellies
  A gnoll bouda (D:8)
  10 hounds
  13 orc priests
  Jessica (D:2)
  31 orc wizards
  A sleepcap (D:5)
  Terence (D:2)
  An iguana (D:6)
  Ijyb (D:5)
  4 spriggan simulacra (Orc:2)
  A statue (D:6)
  A wolf simulacrum (Orc:2)
  4 small abominations (Gauntlet)
  13 gnolls
  13 adders
  7 river rats (Sewer)
  2 shadow imps (D:8)
  A white imp (Abyss:2)
  3 ufetubi
  2 dart slugs
  64 orcs
  17 ball pythons
  9 endoplasms
  5 giant cockroaches
  10 goblins
  4 hobgoblins
  7 jackals (D:2)
  15 kobolds
  4 quokkas
  4 bats
  3 frilled lizards
  37 rats
  A fire vortex (Lair:2)
772 creatures vanquished.

Vanquished Creatures (others)
  An ogre mage (D:13)
  A deep elf knight (D:13)
  A centaur (D:15)
  5 foxfires (Abyss:2)
8 creatures vanquished.

Grand Total: 780 creatures vanquished

Notes
Turn   | Place    | Note
-------+----------+-------------------------------------------
     0 | D:1      | qw the Gargoyle Fighter began the quest for the Orb.
     0 | D:1      | Reached XP level 1. HP: 14/14 MP: 1/1
     0 | D:1      | 0 ||| qw: Version: 0.3-a-5-g6f28e65
     0 | D:1      | 0 ||| qw: Game counter: 595
     0 | D:1      | 0 ||| qw: Always use a shield: true
     0 | D:1      | 0 ||| qw: God list: Okawaru
     0 | D:1      | 0 ||| qw: Allow faded altars: false
     0 | D:1      | 0 ||| qw: Do Orc after D:15 true
     0 | D:1      | 0 ||| qw: Do second Lair branch before Depths: true
     0 | D:1      | 0 ||| qw: Lair rune preference: random
     0 | D:1      | 0 ||| qw: Plans: Normal, Zot:1-4, Slime:5, God:TSO, Crypt,
                  | Tomb, Abyss, Pan, Hells, Win
     0 | D:1      | 0 ||| PLANNING D:1-11
    39 | D:1      | Found Rehoer's Antique Armour Shop.
    42 | D:1      | 42 ||| Stepping ~*~*~tactically~*~*~ (stealth).
    52 | D:1      | Reached skill level 2 in Axes
    57 | D:1      | 57 ||| FLEEEEING.
    58 | D:1      | 58 ||| FLEEEEING.
    59 | D:1      | 59 ||| FLEEEEING.
    60 | D:1      | 60 ||| FLEEEEING.
    64 | D:1      | 64 ||| FLEEEEING.
    65 | D:1      | 65 ||| FLEEEEING.
    66 | D:1      | 66 ||| FLEEEEING.
    67 | D:1      | 67 ||| FLEEEEING.
    68 | D:1      | 68 ||| FLEEEEING.
    72 | D:1      | 72 ||| FLEEEEING.
    76 | D:1      | 76 ||| FLEEEEING.
    77 | D:1      | 77 ||| FLEEEEING.
   110 | D:1      | 110 ||| SHOPLISTING +3 Mad Mage's Maulers {Infuse+∞ VampMP
                  | -Cast} (1000 gold, have 0).
   110 | D:1      | 110 ||| SHOPLISTING chain mail (112 gold, have 0).
   110 | D:1      | 110 ||| SHOPLISTING cloak (112 gold, have 0).
   110 | D:1      | 110 ||| SHOPLISTING runed leather armour (125 gold, have
                  | 0).
   110 | D:1      | 110 ||| SHOPLISTING shiny chain mail (187 gold, have 0).
   146 | D:1      | Reached XP level 2. HP: 19/19 MP: 2/2
   165 | D:1      | Found a faded altar of an unknown god.
   167 | D:1      | 167 ||| Stepping ~*~*~tactically~*~*~ (stealth).
   369 | D:1      | 369 ||| DROPPING +0 club.
   551 | D:1      | Reached skill level 3 in Axes
   609 | D:1      | Reached XP level 3. HP: 18/23 MP: 3/3
   766 | D:1      | 766 ||| UPGRADING to +1 pair of gloves.
   771 | D:1      | 771 ||| UPGRADING to ring of protection from cold.
   772 | D:1      | 772 ||| READING scroll labelled TUIC QESSAI.
   773 | D:1      | 773 ||| READING scroll labelled VOL QY WUGG.
   965 | D:2      | Noticed Jessica
   966 | D:2      | 966 ||| Stepping ~*~*~tactically~*~*~ (stealth).
   967 | D:2      | 967 ||| Stepping ~*~*~tactically~*~*~ (stealth).
   974 | D:2      | 974 ||| Stepping ~*~*~tactically~*~*~ (stealth).
   980 | D:2      | Killed Jessica
   981 | D:2      | Reached skill level 1 in Throwing
   981 | D:2      | Reached XP level 4. HP: 25/28 MP: 4/4
  1200 | D:2      | Noticed Terence
  1207 | D:2      | Killed Terence
  1208 | D:2      | Reached skill level 4 in Axes
  1238 | D:2      | 1238 ||| Stepping ~*~*~tactically~*~*~ (stealth).
  1260 | D:2      | Reached XP level 5. HP: 29/32 MP: 5/5
  1377 | D:2      | 1377 ||| Stepping ~*~*~tactically~*~*~ (hiding).
  1715 | D:2      | 1715 ||| READING scroll labelled MUPUTU NEOTRIM.
  1716 | D:2      | 1716 ||| DRINKING 3 white potions.
  1766 | D:3      | Identified the +0 leather armour of Rogulom {Harm}
  1810 | D:3      | Identified the +7 spear of the Wraith {flame, rCorr}
  1833 | D:3      | 1833 ||| Stepping ~*~*~tactically~*~*~ (stealth).
  2095 | D:3      | 2095 ||| DROPPING +0 leather armour of Rogulom {Harm}.
  2096 | D:3      | 2096 ||| READING scroll labelled HOGYAG SEWKO.
  2097 | D:3      | 2097 ||| DRINKING 2 grey potions.
  2163 | D:4      | 2163 ||| Stepping ~*~*~tactically~*~*~ (hiding).
  2166 | D:4      | 2166 ||| Stepping ~*~*~tactically~*~*~ (hiding).
  2168 | D:4      | 2168 ||| Stepping ~*~*~tactically~*~*~ (hiding).
  2169 | D:4      | 2169 ||| Stepping ~*~*~tactically~*~*~ (hiding).
  2171 | D:4      | 2171 ||| Stepping ~*~*~tactically~*~*~ (hiding).
  2222 | D:4      | 2222 ||| READING 3 scrolls of enchant armour.
  2222 | D:4      | 2222 ||| ENCHANTING +1 pair of gloves.
  2285 | D:4      | Reached skill level 5 in Axes
  2323 | D:4      | Reached XP level 6. HP: 37/38 MP: 6/6
  2338 | D:4      | 2338 ||| DRINKING 2 potions of curing.
  2338 | D:4      | 2338 ||| (to cure confusion)
  2340 | D:4      | 2340 ||| DRINKING potion of curing.
  2340 | D:4      | 2340 ||| (to cure confusion)
  2352 | D:4      | 2352 ||| Stepping ~*~*~tactically~*~*~ (stealth).
  2422 | D:4      | Found Riffom's Jewellery Boutique.
  2432 | D:4      | 2432 ||| SHOPLISTING +4 ring of protection (396 gold, have
                  | 228).
  2432 | D:4      | 2432 ||| SHOPLISTING amulet of reflection (330 gold, have
                  | 228).
  2432 | D:4      | 2432 ||| SHOPLISTING amulet of the Death Scarab {Spirit
                  | rElec rF+ rC+} (638 gold, have 228).
  2432 | D:4      | 2432 ||| SHOPLISTING ring of Meriatef {rC+ rCorr Str+2}
                  | (420 gold, have 228).
  2432 | D:4      | 2432 ||| SHOPLISTING ring of protection from cold (275
                  | gold, have 228).
  2432 | D:4      | 2432 ||| SHOPLISTING ring of protection from fire (275
                  | gold, have 228).
  2432 | D:4      | 2432 ||| BUYING ring of resist corrosion (220 gold).
  2432 | D:4      | Bought a ring of resist corrosion for 220 gold pieces
  2432 | D:4      | 2432 ||| SHOPLISTING ring of willpower (275 gold, have 8).
  2479 | D:4      | Reached skill level 1 in Dodging
  2594 | D:4      | HP: 8/38 [ogre/+0 giant spiked club (30)]
  2596 | D:4      | Reached XP level 7. HP: 9/43 MP: 7/7
  2721 | D:4      | 2721 ||| DROPPING +0 mace.
  2951 | D:4      | 2951 ||| UPGRADING to +0 plate armour.
  2961 | D:4      | 2961 ||| DROPPING +0 scale mail.
  2962 | D:4      | 2962 ||| DROPPING +3 ring mail.
  2963 | D:4      | 2963 ||| DROPPING +0 chain mail.
  2964 | D:4      | 2964 ||| READING 2 scrolls of enchant armour.
  2964 | D:4      | 2964 ||| ENCHANTING +0 plate armour.
  2965 | D:4      | 2965 ||| READING scroll of enchant armour.
  2965 | D:4      | 2965 ||| ENCHANTING +1 plate armour.
  2966 | D:4      | 2966 ||| UPGRADING to ring of resist corrosion.
  2967 | D:4      | 2967 ||| READING scroll labelled SEZIUGOHOY.
  2968 | D:4      | 2968 ||| DRINKING 2 cyan potions.
  2969 | D:4      | 2969 ||| DRINKING 2 murky white potions.
  3000 | D:4      | 3000 ||| DROPPING potion of brilliance.
  3039 | D:5      | Entered Level 5 of the Dungeon
  3049 | D:5      | Noticed Ijyb
  3050 | D:5      | 3050 ||| Stepping ~*~*~tactically~*~*~ (hiding).
  3057 | D:5      | Killed Ijyb
  3058 | D:5      | Reached skill level 6 in Axes
  3061 | D:5      | 3061 ||| FLEEEEING.
  3062 | D:5      | 3062 ||| FLEEEEING.
  3063 | D:5      | 3063 ||| FLEEEEING.
  3064 | D:5      | 3064 ||| FLEEEEING.
  3065 | D:5      | 3065 ||| FLEEEEING.
  3066 | D:5      | 3066 ||| FLEEEEING.
  3067 | D:5      | 3067 ||| FLEEEEING.
  3068 | D:5      | 3068 ||| FLEEEEING.
  3069 | D:5      | 3069 ||| FLEEEEING.
  3071 | D:5      | 3071 ||| FLEEEEING.
  3072 | D:5      | 3072 ||| STAIRDANCE
  3205 | D:5      | 3205 ||| Stepping ~*~*~tactically~*~*~ (stealth).
  3244 | D:5      | 3244 ||| Stepping ~*~*~tactically~*~*~ (stealth).
  3260 | D:5      | 3260 ||| Stepping ~*~*~tactically~*~*~ (stealth).
  3261 | D:5      | 3261 ||| Stepping ~*~*~tactically~*~*~ (stealth).
  3444 | D:5      | Reached skill level 7 in Axes
  3444 | D:5      | Reached XP level 8. HP: 39/48 MP: 8/8
  3499 | D:5      | 3499 ||| Stepping ~*~*~tactically~*~*~ (hiding).
  3662 | D:5      | Found a bloodstained altar of Trog.
  3666 | D:5      | Identified the +9 dagger of Giahiej {antimagic, Contam rC-
                  | rN++ SInv}
  3853 | D:5      | 3853 ||| UPGRADING to +4 ring of protection.
  3855 | D:5      | 3855 ||| UPGRADING to ring of protection from cold.
  3857 | D:5      | 3857 ||| READING scroll labelled OTIPAR ACEFIUPS.
  3908 | D:6      | 3908 ||| PLANNING SEWER
  3913 | D:6      | 3913 ||| Stepping ~*~*~tactically~*~*~ (stealth).
  3915 | D:6      | 3915 ||| Stepping ~*~*~tactically~*~*~ (stealth).
  4178 | D:6      | Found a glowing drain.
  4187 | D:6      | 4187 ||| READING scroll of enchant weapon.
  4187 | D:6      | 4187 ||| ENCHANTING +1 war axe.
  4203 | D:6      | 4203 ||| DRINKING 2 fuming red potions.
  4307 | D:6      | 4307 ||| DROPPING potion of berserk rage.
  4323 | Sewer    | Entered a sewer
  4461 | Sewer    | 4461 ||| Stepping ~*~*~tactically~*~*~ (stealth).
  4483 | Sewer    | 4483 ||| Stepping ~*~*~tactically~*~*~ (stealth).
  4484 | Sewer    | 4484 ||| Stepping ~*~*~tactically~*~*~ (stealth).
  4485 | Sewer    | 4485 ||| Stepping ~*~*~tactically~*~*~ (stealth).
  4632 | Sewer    | Reached skill level 8 in Axes
  4720 | Sewer    | 4720 ||| READING scroll labelled ASOMIE LACSOQU.
  4723 | Sewer    | 4723 ||| READING scroll labelled JIDIGHIFAKK.
  4724 | Sewer    | 4724 ||| READING 2 scrolls labelled EREL FOYBLUOCO.
  4725 | Sewer    | 4725 ||| DRINKING 2 black potions.
  4726 | Sewer    | 4726 ||| DRINKING 2 pink potions.
  4727 | Sewer    | 4727 ||| DROPPING scroll of fog.
  4781 | D:6      | 4781 ||| PLANNING D:1-11
  4791 | D:6      | Found a basalt altar of Yredelemnul.
  4806 | D:6      | 4806 ||| READING scroll of brand weapon.
  4806 | D:6      | 4806 ||| BRANDING +2 war axe of venom.
  4852 | D:6      | 4852 ||| DROPPING +0 flail.
  4862 | D:6      | Found a staircase to the Ecumenical Temple.
  4863 | D:6      | 4863 ||| PLANNING TEMPLE
  4868 | D:6      | Reached skill level 6 in Fighting
  4891 | Temple   | Entered the Ecumenical Temple
  4901 | Temple   | 4901 ||| PLANNING OKAWARU WORSHIP
  4932 | Temple   | Became a worshipper of Warmaster Okawaru
  4933 | Temple   | 4933 ||| PLANNING D:1-11
  4950 | D:6      | 4950 ||| Stepping ~*~*~tactically~*~*~ (stealth).
  4954 | D:6      | 4954 ||| Stepping ~*~*~tactically~*~*~ (hiding).
  5064 | D:6      | Found a radiant altar of Vehumet.
  5075 | D:6      | Reached XP level 9. HP: 49/55 MP: 9/9
  5184 | D:6      | 5184 ||| Stepping ~*~*~tactically~*~*~ (hiding).
  5186 | D:6      | 5186 ||| Stepping ~*~*~tactically~*~*~ (hiding).
  5199 | D:6      | 5199 ||| Stepping ~*~*~tactically~*~*~ (stealth).
  5213 | D:6      | Reached skill level 9 in Axes
  5304 | D:6      | Reached * piety under Okawaru
  5308 | D:6      | 5308 ||| DROPPING +0 hand axe.
  5342 | D:6      | Reached skill level 1 in Invocations
  5371 | D:6      | 5371 ||| Stepping ~*~*~tactically~*~*~ (hiding).
  5376 | D:6      | 5376 ||| INVOKING Heroism.
  5547 | D:7      | Found Yfoteaviti's Armour Emporium.
  5562 | D:7      | 5562 ||| Stepping ~*~*~tactically~*~*~ (hiding).
  5563 | D:7      | 5563 ||| Stepping ~*~*~tactically~*~*~ (hiding).
  5565 | D:7      | 5565 ||| Stepping ~*~*~tactically~*~*~ (hiding).
  5672 | D:7      | 5672 ||| Stepping ~*~*~tactically~*~*~ (stealth).
  5678 | D:7      | 5678 ||| Stepping ~*~*~tactically~*~*~ (stealth).
  5696 | D:7      | Reached skill level 6 in Armour
  5701 | D:7      | Noticed Menkaure
  5702 | D:7      | 5702 ||| INVOKING Heroism.
  5710 | D:7      | Killed Menkaure
  5711 | D:7      | Reached skill level 3 in Invocations
  5723 | D:7      | 5723 ||| BUYING +2 buckler (247 gold).
  5723 | D:7      | Bought a +2 buckler for 247 gold pieces
  5723 | D:7      | 5723 ||| SHOPLISTING +2 plate armour of cold resistance
                  | (600 gold, have 296).
  5723 | D:7      | 5723 ||| BUYING scarf of repulsion (180 gold).
  5723 | D:7      | Bought a scarf of repulsion for 180 gold pieces
  5733 | D:7      | 5733 ||| Stepping ~*~*~tactically~*~*~ (water).
  5891 | D:7      | Found a shimmering altar of Xom.
  5892 | D:7      | Found a hazy altar of Hepliaklqana.
  5893 | D:7      | Noticed a spectral ugly thing
  6320 | D:7      | 6320 ||| UPGRADING to +2 buckler.
  6330 | D:7      | 6330 ||| DROPPING +0 buckler.
  6331 | D:7      | 6331 ||| UPGRADING to scarf of repulsion.
  6387 | D:8      | Found Xylonerr's Antique Weapon Shop.
  6392 | D:8      | 6392 ||| Stepping ~*~*~tactically~*~*~ (hiding).
  6394 | D:8      | 6394 ||| INVOKING Heroism.
  6413 | D:8      | Found a flagged portal.
  6425 | D:8      | Identified the ring "Ubbostruwei" {rPois Int+6 Dex+4}
  6454 | D:8      | 6454 ||| Stepping ~*~*~tactically~*~*~ (hiding).
  6455 | D:8      | 6455 ||| Stepping ~*~*~tactically~*~*~ (hiding).
  6456 | D:8      | 6456 ||| Stepping ~*~*~tactically~*~*~ (hiding).
  6457 | D:8      | 6457 ||| Stepping ~*~*~tactically~*~*~ (hiding).
  6458 | D:8      | 6458 ||| Stepping ~*~*~tactically~*~*~ (hiding).
  6459 | D:8      | 6459 ||| Stepping ~*~*~tactically~*~*~ (hiding).
  6596 | D:8      | 6596 ||| INVOKING Heroism.
  6601 | D:8      | Reached XP level 10. HP: 63/63 MP: 10/13
  6612 | D:8      | Reached skill level 10 in Axes
  6745 | D:8      | 6745 ||| READING scroll of enchant armour.
  6745 | D:8      | 6745 ||| ENCHANTING +2 plate armour.
  6787 | D:8      | Found an ornate altar of the Wu Jian Council.
  6824 | D:8      | Noticed a two-headed ogre
  6825 | D:8      | 6825 ||| INVOKING Heroism.
  6835 | D:8      | Killed a two-headed ogre
  6835 | D:8      | Reached ** piety under Okawaru
  6926 | D:8      | Noticed Prince Ribbit
  6931 | D:8      | Killed Prince Ribbit
  7042 | D:8      | Killed an unseen horror
  7044 | D:8      | Noticed an entropy weaver
  7047 | D:8      | 7047 ||| Stepping ~*~*~tactically~*~*~ (water).
  7049 | D:8      | an entropy weaver changed into a golden eye
  7053 | D:8      | 7053 ||| INVOKING Heroism.
  7107 | D:8      | 7107 ||| FLEEEEING.
  7122 | D:8      | 7122 ||| FLEEEEING.
  7123 | D:8      | 7123 ||| FLEEEEING.
  7124 | D:8      | 7124 ||| FLEEEEING.
  7125 | D:8      | 7125 ||| FLEEEEING.
  7126 | D:8      | 7126 ||| FLEEEEING.
  7127 | D:8      | 7127 ||| FLEEEEING.
  7128 | D:8      | 7128 ||| FLEEEEING.
  7129 | D:8      | 7129 ||| FLEEEEING.
  7130 | D:8      | 7130 ||| FLEEEEING.
  7133 | D:8      | 7133 ||| FLEEEEING.
  7134 | D:8      | 7134 ||| FLEEEEING.
  7136 | D:8      | 7136 ||| FLEEEEING.
  7137 | D:8      | 7137 ||| FLEEEEING.
  7138 | D:8      | 7138 ||| FLEEEEING.
  7139 | D:8      | 7139 ||| FLEEEEING.
  7140 | D:8      | 7140 ||| FLEEEEING.
  7141 | D:8      | 7141 ||| FLEEEEING.
  7142 | D:8      | 7142 ||| STAIRDANCE
  7180 | D:7      | 7180 ||| DROPPING ring "Ubbostruwei" {rPois Int+6 Dex+4}.
  7181 | D:7      | 7181 ||| DRINKING 3 yellow potions.
  7182 | D:7      | 7182 ||| READING 2 scrolls of identify.
  7182 | D:7      | 7182 ||| IDENTIFYING lumpy dark potion
  7188 | D:8      | 7188 ||| STAIRDANCE
  7234 | D:7      | 7234 ||| DROPPING +1 flail of holy wrath.
  7274 | D:8      | Noticed a cyclops
  7274 | D:8      | Noticed a boulder beetle
  7275 | D:8      | 7275 ||| Stepping ~*~*~tactically~*~*~ (hiding).
  7276 | D:8      | 7276 ||| Stepping ~*~*~tactically~*~*~ (hiding).
  7279 | D:8      | 7279 ||| INVOKING Heroism.
  7296 | D:8      | Killed a cyclops
  7296 | D:8      | Reached *** piety under Okawaru
  7301 | D:8      | Killed a boulder beetle
  7302 | D:8      | Reached skill level 11 in Axes
  7391 | D:8      | Identified the staff of Defiance {rN+ Int+3 Dex+3 Necro}
  7400 | D:8      | 7400 ||| READING scroll of brand weapon.
  7400 | D:8      | 7400 ||| BRANDING +2 war axe of draining.
  7401 | D:8      | 7401 ||| DROPPING +0 war axe.
  7659 | D:8      | 7659 ||| READING scroll of enchant weapon.
  7659 | D:8      | 7659 ||| ENCHANTING +2 war axe of electrocution.
  7661 | D:8      | Identified the +0 leather armour of Terrible Amelioration
                  | {Harm Dex+2}
  7716 | D:8      | 7716 ||| INVOKING Heroism.
  7720 | D:8      | 7720 ||| Stepping ~*~*~tactically~*~*~ (cloud).
  7842 | D:8      | 7842 ||| READING scroll labelled IVUMPU HAAZEA.
  7843 | D:8      | 7843 ||| READING 3 scrolls of identify.
  7843 | D:8      | 7843 ||| IDENTIFYING green potion
  7844 | D:8      | 7844 ||| READING 2 scrolls of identify.
  7844 | D:8      | 7844 ||| IDENTIFYING orange potion
  7845 | D:8      | 7845 ||| DROPPING potion of ambrosia.
  7846 | D:8      | 7846 ||| DROPPING potion of invisibility.
  7934 | D:9      | Found a runed translucent door.
  7953 | D:9      | Reached XP level 11. HP: 69/69 MP: 14/14
  8108 | D:9      | Found a glowing golden altar of the Shining One.
  8188 | D:9      | Reached skill level 9 in Fighting
  8247 | D:9      | Found a broken altar of Ashenzari.
  8248 | D:9      | Found a hide-covered altar of Uskayaw.
  8402 | D:9      | Found a sacrificial altar of Ru.
  8609 | D:9      | 8609 ||| READING 2 scrolls of identify.
  8609 | D:9      | 8609 ||| IDENTIFYING emerald potion
  8632 | D:10     | Entered Level 10 of the Dungeon
  8638 | D:10     | Reached **** piety under Okawaru
  8648 | D:10     | 8648 ||| INVOKING Heroism.
  8713 | D:10     | 8713 ||| Stepping ~*~*~tactically~*~*~ (hiding).
  8716 | D:10     | 8716 ||| Stepping ~*~*~tactically~*~*~ (hiding).
  8850 | D:10     | 8850 ||| INVOKING Heroism.
  8856 | D:10     | Reached skill level 12 in Axes
  8859 | D:10     | 8859 ||| Stepping randomly (disturbance).
  8860 | D:10     | 8860 ||| Stepping randomly (disturbance).
  9018 | D:10     | 9018 ||| INVOKING Heroism.
  9079 | D:10     | 9079 ||| Stepping ~*~*~tactically~*~*~ (stealth).
  9095 | D:10     | 9095 ||| INVOKING Heroism.
  9126 | D:10     | Found a staircase to the Lair.
  9136 | D:10     | 9136 ||| INVOKING Heroism.
  9322 | D:10     | Found a shadowy altar of Dithmenos.
  9479 | D:10     | 9479 ||| INVOKING Heroism.
  9508 | D:10     | Reached skill level 6 in Invocations
  9597 | D:10     | 9597 ||| UPGRADING to +0 helmet.
  9602 | D:10     | 9602 ||| PLANNING LAIR
  9602 | D:10     | 9602 ||| READING 2 scrolls of identify.
  9602 | D:10     | 9602 ||| IDENTIFYING bubbling black potion
  9642 | Lair:1   | Entered Level 1 of the Lair of Beasts
  9643 | Lair:1   | 9643 ||| PLANNING GAUNTLET
  9656 | Lair:1   | 9656 ||| READING scroll of enchant armour.
  9656 | Lair:1   | 9656 ||| ENCHANTING +0 helmet.
  9714 | Lair:1   | 9714 ||| READING scroll of brand weapon.
  9714 | Lair:1   | 9714 ||| BRANDING +3 war axe of electrocution.
  9733 | Lair:1   | Noticed a boulder beetle
  9734 | Lair:1   | 9734 ||| INVOKING Heroism.
  9740 | Lair:1   | Killed a boulder beetle
  9741 | Lair:1   | Reached skill level 6 in Shields
  9860 | Lair:1   | Found a gate leading to a gauntlet.
  9861 | Lair:1   | 9861 ||| READING scroll labelled UNIOTI NOHIE.
  9870 | Gauntlet | Entered a Gauntlet
  9870 | Gauntlet | Noticed a quicksilver ooze
  9870 | Gauntlet | Found a transporter.
  9870 | Gauntlet | Found a transporter.
  9870 | Gauntlet | Found a transporter.
  9871 | Gauntlet | Found a transporter.
  9874 | Gauntlet | Found a transporter.
  9879 | Gauntlet | Noticed a shining eye
  9885 | Gauntlet | Found a transporter.
  9891 | Gauntlet | Found a transporter.
  9893 | Gauntlet | Noticed a death scarab
  9897 | Gauntlet | Found a transporter.
  9910 | Gauntlet | Found a transporter.
  9910 | Gauntlet | Found a transporter.
  9932 | Gauntlet | Found a transporter.
  9957 | Gauntlet | Found a transporter.
 10026 | Gauntlet | Noticed a cacodemon
 10089 | Gauntlet | 10089 ||| INVOKING Heroism.
 10090 | Gauntlet | HP: 4/71 [large abomination (25)]
 10091 | Gauntlet | 10091 ||| DRINKING 2 potions of heal wounds.
 10092 | Gauntlet | 10092 ||| DRINKING potion of heal wounds.
 10292 | Gauntlet | Identified the ring "Rutiask" {rPois Dex+3}
 10294 | Gauntlet | 10294 ||| DROPPING ring "Rutiask" {rPois Dex+3}.
 10300 | Gauntlet | 10300 ||| INVOKING Heroism.
 10307 | Gauntlet | Killed a death scarab
 10308 | Gauntlet | Reached XP level 12. HP: 66/76 MP: 15/17
 10347 | Gauntlet | Identified the ring of Luff {rF- rC++ Will+ Str+3 Int+2}
 10349 | Gauntlet | 10349 ||| DROPPING ring of ice.
 10350 | Gauntlet | 10350 ||| UPGRADING to ring of Luff {rF- rC++ Will+ Str+3
                  | Int+2}.
 10358 | Gauntlet | 10358 ||| Stepping ~*~*~tactically~*~*~ (stealth).
 10358 | Gauntlet | Paralysed by a floating eye for 3 turns
 10435 | Gauntlet | Gained mutation: You are weak. (Str -2) [a shining eye]
 10438 | Gauntlet | Paralysed by a floating eye for 2 turns
 10438 | Gauntlet | Gained mutation: You are clumsy. (Dex -2) [a shining eye]
 10456 | Gauntlet | Noticed a minotaur
 10457 | Gauntlet | 10457 ||| Stepping ~*~*~tactically~*~*~ (stealth).
 10460 | Gauntlet | 10460 ||| Stepping ~*~*~tactically~*~*~ (stealth).
 10462 | Gauntlet | 10462 ||| INVOKING Heroism.
 10467 | Gauntlet | Killed a minotaur
 10468 | Gauntlet | Reached skill level 9 in Armour
 10593 | Gauntlet | Identified the +1 robe "Moiwiysi" {rC+}
 10595 | Gauntlet | Identified the +5 hat "Unagucror" {Stlth+}
 10626 | Gauntlet | 10626 ||| UPGRADING to +5 hat "Unagucror" {Stlth+}.
 10636 | Gauntlet | 10636 ||| DROPPING +1 helmet.
 10637 | Gauntlet | 10637 ||| DROPPING ring of magical power.
 10649 | Lair:1   | 10649 ||| PLANNING LAIR
 10716 | Lair:1   | Reached ***** piety under Okawaru
 10836 | Lair:1   | 10836 ||| Stepping ~*~*~tactically~*~*~ (stealth).
 10837 | Lair:1   | 10837 ||| Stepping ~*~*~tactically~*~*~ (stealth).
 10838 | Lair:1   | Noticed Amaemon
 10839 | Lair:1   | 10839 ||| INVOKING Heroism.
 10855 | Lair:1   | Reached skill level 3 in Throwing
 10855 | Lair:1   | Reached skill level 9 in Invocations
 10866 | Lair:1   | 10866 ||| INVOKING Heroism.
 10876 | Lair:1   | Killed Amaemon
 11050 | Lair:1   | Identified the +0 cloak "Nub Gist" {Harm rN+ Will+}
                  | (Okawaru gifted it to you on level 1 of the Lair of Beasts)
 11050 | Lair:1   | Received a gift from Okawaru
 11750 | Lair:2   | 11750 ||| INVOKING Heroism.
 11796 | Lair:2   | 11796 ||| Stepping ~*~*~tactically~*~*~ (stealth).
 11799 | Lair:2   | 11799 ||| Stepping ~*~*~tactically~*~*~ (stealth).
 11805 | Lair:2   | 11805 ||| Stepping ~*~*~tactically~*~*~ (stealth).
 11816 | Lair:2   | 11816 ||| Stepping ~*~*~tactically~*~*~ (stealth).
 11837 | Lair:2   | Found a hole to the Spider Nest.
 11894 | Lair:2   | 11894 ||| INVOKING Heroism.
 11923 | Lair:2   | 11923 ||| INVOKING Heroism.
 11937 | Lair:2   | Found a snail-covered altar of Cheibriados.
 11972 | Lair:2   | 11972 ||| FLEEEEING.
 11973 | Lair:2   | 11973 ||| FLEEEEING.
 11974 | Lair:2   | 11974 ||| FLEEEEING.
 11975 | Lair:2   | 11975 ||| FLEEEEING.
 11977 | Lair:2   | 11977 ||| INVOKING Heroism.
 11984 | Lair:2   | Reached skill level 13 in Axes
 12024 | Lair:2   | Reached XP level 13. HP: 82/82 MP: 20/20
 12025 | Lair:2   | 12025 ||| INVOKING Heroism.
 12054 | Lair:2   | Identified the +2 chain mail "Ximuozol" {rElec}
 12166 | Lair:2   | 12166 ||| INVOKING Heroism.
 12388 | Lair:2   | 12388 ||| INVOKING Heroism.
 12395 | Lair:2   | Noticed a fire dragon
 12403 | Lair:2   | Killed a fire dragon
 12544 | Lair:2   | 12544 ||| DROPPING +2 chain mail "Ximuozol" {rElec}.
 12546 | Lair:2   | 12546 ||| READING scroll labelled SERERA HEDIUSU.
 12647 | Lair:2   | 12647 ||| DRINKING 3 puce potions.
 12648 | Lair:2   | 12648 ||| DROPPING 2 potions of degeneration.
 12752 | Lair:3   | 12752 ||| INVOKING Heroism.
 12765 | Lair:3   | 12765 ||| Stepping ~*~*~tactically~*~*~ (stealth).
 12946 | Lair:3   | Found a staircase to the Shoals.
 12951 | Lair:3   | 12951 ||| INVOKING Heroism.
 13079 | Lair:3   | Reached skill level 14 in Axes
 13136 | Lair:3   | Found an ancient bone altar of Kikubaaqudgha.
 13244 | Lair:3   | 13244 ||| INVOKING Heroism.
 13259 | Lair:3   | 13259 ||| INVOKING Heroism.
 13427 | Lair:3   | 13427 ||| INVOKING Heroism.
 13553 | Lair:3   | 13553 ||| INVOKING Heroism.
 13557 | Lair:3   | 13557 ||| SWAPPING to +1 demon whip of venom.
 13562 | Lair:3   | 13562 ||| SWAPPING to +3 heavy war axe.
 13601 | Lair:3   | 13601 ||| INVOKING Heroism.
 13613 | Lair:3   | 13613 ||| Stepping ~*~*~tactically~*~*~ (stealth).
 13620 | Lair:3   | 13620 ||| INVOKING Heroism.
 13913 | Lair:3   | 13913 ||| DROPPING scarf of invisibility.
 13914 | Lair:3   | 13914 ||| READING scroll labelled PIXTUE NUNISOT.
 13937 | Lair:4   | 13937 ||| Stepping ~*~*~tactically~*~*~ (stealth).
 14042 | Lair:4   | 14042 ||| INVOKING Heroism.
 14153 | Lair:4   | 14153 ||| Stepping ~*~*~tactically~*~*~ (stealth).
 14185 | Lair:4   | 14185 ||| Stepping ~*~*~tactically~*~*~ (stealth).
 14186 | Lair:4   | 14186 ||| INVOKING Heroism.
 14313 | Lair:4   | Found a viscous altar of Jiyva.
 14315 | Lair:4   | 14315 ||| INVOKING Heroism.
 14316 | Lair:4   | Found a staircase to the Slime Pits.
 14620 | Lair:4   | 14620 ||| INVOKING Heroism.
 14784 | Lair:4   | 14784 ||| Stepping ~*~*~tactically~*~*~ (stealth).
 15394 | Lair:5   | Entered Level 5 of the Lair of Beasts
 15468 | Lair:5   | Reached skill level 15 in Axes
 15474 | Lair:5   | Received a gift from Okawaru
 15520 | Lair:5   | 15520 ||| INVOKING Heroism.
 15521 | Lair:5   | 15521 ||| Stepping ~*~*~tactically~*~*~ (stealth).
 15522 | Lair:5   | 15522 ||| Stepping ~*~*~tactically~*~*~ (stealth).
 15523 | Lair:5   | 15523 ||| Stepping ~*~*~tactically~*~*~ (stealth).
 15574 | Lair:5   | 15574 ||| Stepping ~*~*~tactically~*~*~ (stealth).
 15575 | Lair:5   | 15575 ||| INVOKING Heroism.
 15582 | Lair:5   | Gained mutation: Your large and strong wings let you fly.
                  | [Gargoyle growth]
 15582 | Lair:5   | Reached XP level 14. HP: 90/90 MP: 19/21
 15585 | Lair:5   | 15585 ||| Stepping ~*~*~tactically~*~*~ (stealth).
 15609 | Lair:5   | Reached skill level 12 in Fighting
 15609 | Lair:5   | 15609 ||| INVOKING Finesse.
 15746 | Lair:5   | 15746 ||| INVOKING Heroism.
 15750 | Lair:5   | 15750 ||| SWAPPING to +1 demon whip of venom.
 15758 | Lair:5   | 15758 ||| SWAPPING to +3 heavy war axe.
 15841 | Lair:5   | 15841 ||| Stepping ~*~*~tactically~*~*~ (hiding).
 15868 | Lair:5   | 15868 ||| INVOKING Heroism.
 15889 | Lair:5   | 15889 ||| SWAPPING to +1 demon whip of venom.
 15892 | Lair:5   | 15892 ||| SWAPPING to +3 heavy war axe.
 16307 | Lair:5   | 16307 ||| Stepping ~*~*~tactically~*~*~ (stealth).
 16309 | Lair:5   | 16309 ||| Stepping ~*~*~tactically~*~*~ (stealth).
 16369 | Lair:5   | 16369 ||| INVOKING Heroism.
 16370 | Lair:5   | 16370 ||| INVOKING Finesse.
 16383 | Lair:5   | 16383 ||| Stepping ~*~*~tactically~*~*~ (stealth).
 16417 | Lair:5   | 16417 ||| Stepping ~*~*~tactically~*~*~ (hiding).
 16419 | Lair:5   | 16419 ||| INVOKING Heroism.
 16438 | Lair:5   | 16438 ||| INVOKING Finesse.
 16492 | Lair:5   | 16492 ||| INVOKING Heroism.
 16509 | Lair:5   | 16509 ||| Stepping ~*~*~tactically~*~*~ (stealth).
 16643 | Lair:5   | 16643 ||| INVOKING Heroism.
 16645 | Lair:5   | 16645 ||| SWAPPING to +1 demon whip of venom.
 16652 | Lair:5   | 16652 ||| SWAPPING to +3 heavy war axe.
 16674 | Lair:5   | 16674 ||| UPGRADING to amulet of regeneration.
 16679 | Lair:5   | 16679 ||| PLANNING D:1-11
 16679 | Lair:5   | 16679 ||| READING scroll labelled NETIYQ RONLONT.
 16679 | Lair:5   | Identified a scroll of acquirement
 16679 | Lair:5   | 16679 ||| ACQUIRING +2 pair of slick slippers {slick,
                  | slippery, EV+4}
 16679 | Lair:5   | Acquired the +2 pair of slick slippers {slick, slippery,
                  | EV+4}
 16679 | Lair:5   | Found the +2 pair of slick slippers {slick, slippery, EV+4}
 16681 | Lair:5   | 16681 ||| UPGRADING to +2 pair of slick slippers {slick,
                  | slippery, EV+4}.
 16686 | Lair:5   | 16686 ||| READING 2 scrolls labelled FEILIMIPTA.
 16687 | Lair:5   | 16687 ||| DROPPING scroll of noise.
 16855 | D:11     | Reached skill level 16 in Axes
 16876 | D:11     | Found a staircase to the Orcish Mines.
 16970 | D:11     | 16970 ||| Stepping ~*~*~tactically~*~*~ (hiding).
 16972 | D:11     | 16972 ||| Stepping ~*~*~tactically~*~*~ (hiding).
 16999 | D:11     | 16999 ||| READING scroll of brand weapon.
 16999 | D:11     | 16999 ||| BRANDING +3 heavy war axe.
 17030 | D:11     | 17030 ||| INVOKING Heroism.
 17123 | D:11     | 17123 ||| Stepping ~*~*~tactically~*~*~ (hiding).
 17124 | D:11     | 17124 ||| Stepping ~*~*~tactically~*~*~ (hiding).
 17180 | D:11     | 17180 ||| Stepping ~*~*~tactically~*~*~ (stealth).
 17375 | D:11     | 17375 ||| PLANNING D
 17387 | D:12     | 17387 ||| Stepping ~*~*~tactically~*~*~ (hiding).
 17399 | D:12     | 17399 ||| Stepping ~*~*~tactically~*~*~ (stealth).
 17401 | D:12     | 17401 ||| Stepping ~*~*~tactically~*~*~ (hiding).
 17411 | D:12     | 17411 ||| Stepping ~*~*~tactically~*~*~ (hiding).
 17423 | D:12     | 17423 ||| Stepping ~*~*~tactically~*~*~ (stealth).
 17426 | D:12     | 17426 ||| Stepping ~*~*~tactically~*~*~ (stealth).
 17726 | D:12     | 17726 ||| Stepping ~*~*~tactically~*~*~ (stealth).
 17730 | D:12     | 17730 ||| Stepping ~*~*~tactically~*~*~ (hiding).
 17731 | D:12     | 17731 ||| Stepping ~*~*~tactically~*~*~ (hiding).
 17732 | D:12     | 17732 ||| Stepping ~*~*~tactically~*~*~ (hiding).
 17733 | D:12     | 17733 ||| Stepping ~*~*~tactically~*~*~ (hiding).
 17734 | D:12     | 17734 ||| Stepping ~*~*~tactically~*~*~ (hiding).
 17736 | D:12     | 17736 ||| Stepping ~*~*~tactically~*~*~ (hiding).
 17740 | D:12     | Received a gift from Okawaru
 17942 | D:12     | 17942 ||| READING scroll labelled PURGHE QIDIWK.
 17943 | D:12     | 17943 ||| READING 6 scrolls of identify.
 17943 | D:12     | 17943 ||| IDENTIFYING bubbling emerald potion
 17979 | D:13     | 17979 ||| STAIRDANCE
 17981 | D:12     | 17981 ||| DRINKING 4 potions of curing.
 17981 | D:12     | 17981 ||| (to cure confusion)
 17985 | D:13     | 17985 ||| DRINKING 3 potions of curing.
 17985 | D:13     | 17985 ||| (to cure confusion)
 18017 | D:13     | 18017 ||| Stepping ~*~*~tactically~*~*~ (hiding).
 18019 | D:13     | 18019 ||| Stepping ~*~*~tactically~*~*~ (stealth).
 18040 | D:13     | 18040 ||| Stepping ~*~*~tactically~*~*~ (stealth).
 18135 | D:13     | 18135 ||| INVOKING Heroism.
 18142 | D:13     | Reached XP level 15. HP: 59/98 MP: 19/22
 18337 | D:13     | 18337 ||| Stepping ~*~*~tactically~*~*~ (hiding).
 18345 | D:13     | Reached skill level 9 in Shields
 18423 | D:13     | 18423 ||| Stepping ~*~*~tactically~*~*~ (hiding).
 18442 | D:13     | 18442 ||| FLEEEEING.
 18444 | D:13     | 18444 ||| STAIRDANCE
 18474 | D:13     | 18474 ||| INVOKING Heroism.
 18581 | D:13     | Found a gate to the Vaults.
 18600 | D:13     | 18600 ||| INVOKING Heroism.
 18663 | D:13     | 18663 ||| UPGRADING to +0 kite shield.
 18673 | D:13     | 18673 ||| DROPPING +2 buckler.
 18737 | D:14     | Received a gift from Okawaru
 18751 | D:14     | 18751 ||| Stepping ~*~*~tactically~*~*~ (stealth).
 18803 | D:14     | 18803 ||| INVOKING Heroism.
 18857 | D:14     | 18857 ||| SWAPPING to +5 war axe of electrocution.
 18858 | D:14     | 18858 ||| DROPPING +3 war axe of venom.
 19284 | D:14     | Identified the +0 leather armour "Najoleet" {Int+2}
 19322 | D:15     | Entered Level 15 of the Dungeon
 19349 | D:15     | 19349 ||| Stepping ~*~*~tactically~*~*~ (stealth).
 19351 | D:15     | 19351 ||| Stepping ~*~*~tactically~*~*~ (hiding).
 19531 | D:15     | Found a staircase to the Depths.
 19531 | D:15     | Noticed a fire giant
 19532 | D:15     | 19532 ||| INVOKING Heroism.
 19533 | D:15     | 19533 ||| INVOKING Finesse.
 19548 | D:15     | Killed a fire giant
 19604 | D:15     | 19604 ||| Stepping ~*~*~tactically~*~*~ (stealth).
 19606 | D:15     | 19606 ||| Stepping ~*~*~tactically~*~*~ (stealth).
 19690 | D:15     | 19690 ||| Stepping ~*~*~tactically~*~*~ (hiding).
 19691 | D:15     | 19691 ||| Stepping ~*~*~tactically~*~*~ (hiding).
 19702 | D:15     | Received a gift from Okawaru
 19859 | D:15     | 19859 ||| Stepping ~*~*~tactically~*~*~ (hiding).
 19860 | D:15     | 19860 ||| Stepping ~*~*~tactically~*~*~ (hiding).
 19867 | D:15     | 19867 ||| Stepping ~*~*~tactically~*~*~ (hiding).
 19927 | D:15     | 19927 ||| Stepping ~*~*~tactically~*~*~ (hiding).
 20013 | D:15     | 20013 ||| Stepping ~*~*~tactically~*~*~ (hiding).
 20014 | D:15     | 20014 ||| Stepping ~*~*~tactically~*~*~ (hiding).
 20020 | D:15     | Identified the +0 pair of boots of Feasting {rC+ Str+4
                  | Int+2} (Okawaru gifted it to you on level 15 of the
                  | Dungeon)
 20020 | D:15     | Received a gift from Okawaru
 20153 | D:15     | Reached skill level 12 in Shields
 20269 | D:15     | 20269 ||| PLANNING ORC
 20380 | Orc:1    | Entered Level 1 of the Orcish Mines
 20380 | Orc:1    | Noticed an orc warlord
 20381 | Orc:1    | 20381 ||| INVOKING Heroism.
 20382 | Orc:1    | 20382 ||| INVOKING Finesse.
 20399 | Orc:1    | Killed an orc warlord
 20487 | Orc:1    | 20487 ||| Stepping ~*~*~tactically~*~*~ (stealth).
 20488 | Orc:1    | 20488 ||| Stepping ~*~*~tactically~*~*~ (stealth).
 20491 | Orc:1    | 20491 ||| Stepping ~*~*~tactically~*~*~ (hiding).
 20575 | Orc:1    | 20575 ||| UPGRADING to +2 plate armour of fire resistance.
 20601 | Orc:2    | Entered Level 2 of the Orcish Mines
 20623 | Orc:2    | 20623 ||| INVOKING Heroism.
 20658 | Orc:1    | 20658 ||| Stepping ~*~*~tactically~*~*~ (hiding).
 20660 | Orc:1    | 20660 ||| Stepping ~*~*~tactically~*~*~ (hiding).
 20826 | Orc:1    | 20826 ||| INVOKING Heroism.
 20828 | Orc:1    | Paralysed by an orc sorcerer for 3 turns
 20839 | Orc:1    | 20839 ||| INVOKING Heroism.
 21029 | Orc:2    | Found Suzicep's Antique Armour Emporium.
 21030 | Orc:2    | 21030 ||| INVOKING Heroism.
 21087 | Orc:2    | Found Danuqurgh's Antique Weapon Boutique.
 21088 | Orc:2    | 21088 ||| INVOKING Heroism.
 21142 | Orc:2    | 21142 ||| BUYING broad axe (128 gold).
 21142 | Orc:2    | Bought a broad axe for 128 gold pieces
 21142 | Orc:2    | 21142 ||| SWAPPING to +0 broad axe.
 21143 | Orc:2    | 21143 ||| DROPPING +5 war axe of electrocution.
 21159 | Orc:2    | 21159 ||| BUYING runed kite shield (225 gold).
 21159 | Orc:2    | Bought a runed kite shield for 225 gold pieces
 21187 | Orc:2    | Found Veuptay's Magic Scroll Boutique.
 21220 | Orc:2    | 21220 ||| BUYING scroll of brand weapon (123 gold).
 21220 | Orc:2    | Bought a scroll of brand weapon for 123 gold pieces
 21220 | Orc:2    | 21220 ||| BUYING scroll of enchant weapon (97 gold).
 21220 | Orc:2    | Bought a scroll of enchant weapon for 97 gold pieces
 21220 | Orc:2    | 21220 ||| BUYING scroll of identify (26 gold).
 21220 | Orc:2    | Bought a scroll of identify for 26 gold pieces
 21220 | Orc:2    | 21220 ||| BUYING scroll of identify (26 gold).
 21220 | Orc:2    | Bought a scroll of identify for 26 gold pieces
 21220 | Orc:2    | 21220 ||| BUYING scroll of teleportation (39 gold).
 21220 | Orc:2    | Bought a scroll of teleportation for 39 gold pieces
 21220 | Orc:2    | 21220 ||| READING scroll of brand weapon.
 21220 | Orc:2    | 21220 ||| BRANDING +0 broad axe.
 21221 | Orc:2    | 21221 ||| READING scroll of enchant weapon.
 21221 | Orc:2    | 21221 ||| ENCHANTING +0 broad axe of protection.
 21226 | Orc:2    | Found a burning altar of Makhleb.
 21240 | Orc:2    | 21240 ||| Stepping ~*~*~tactically~*~*~ (stealth).
 21242 | Orc:2    | 21242 ||| Stepping ~*~*~tactically~*~*~ (stealth).
 21281 | Orc:2    | 21281 ||| INVOKING Heroism.
 21302 | Orc:2    | Found a staircase to the Elven Halls.
 21305 | Orc:2    | 21305 ||| INVOKING Heroism.
 21306 | Orc:2    | HP: 23/100 [orc priest/divine providence (13)]
 21307 | Orc:2    | 21307 ||| READING 8 scrolls of teleportation.
 21308 | Orc:2    | 21308 ||| DRINKING 2 potions of heal wounds.
 21397 | Orc:2    | Found Beithitu's Book Boutique.
 21494 | Orc:2    | 21494 ||| INVOKING Heroism.
 21506 | Orc:2    | Found Rutsi's General Store.
 21509 | Orc:2    | Noticed Jorgrun
 21539 | Orc:2    | 21539 ||| INVOKING Heroism.
 21539 | Orc:2    | HP: 10/100 [Jorgrun/entropic shot (48)]
 21540 | Orc:2    | 21540 ||| READING 7 scrolls of teleportation.
 21541 | Orc:2    | 21541 ||| DRINKING potion of heal wounds.
 21665 | Orc:2    | 21665 ||| INVOKING Heroism.
 21674 | Orc:2    | Reached XP level 16. HP: 104/106 MP: 21/23
 21771 | Orc:2    | 21771 ||| INVOKING Heroism.
 21806 | Orc:2    | Killed Jorgrun
 21838 | Orc:2    | 21838 ||| BUYING potion of mutation (96 gold).
 21838 | Orc:2    | Bought a potion of mutation for 96 gold pieces
 21864 | Orc:2    | 21864 ||| PLANNING SHOALS:1-3
 21864 | Orc:2    | 21864 ||| UPGRADING to +1 kite shield of reflection.
 21874 | Orc:2    | 21874 ||| DROPPING +0 kite shield.
 22038 | Shoals:1 | Entered Level 1 of the Shoals
 22038 | Shoals:1 | Found a runed translucent gate.
 22038 | Shoals:1 | Found a runed translucent gate.
 22038 | Shoals:1 | Found a runed translucent gate.
 22055 | Shoals:1 | 22055 ||| INVOKING Heroism.
 22058 | Shoals:1 | Found an opulent altar of Gozag.
 22096 | Shoals:1 | 22096 ||| INVOKING Heroism.
 22222 | Shoals:1 | 22222 ||| Stepping ~*~*~tactically~*~*~ (stealth).
 22381 | Shoals:1 | 22381 ||| INVOKING Heroism.
 22753 | Shoals:1 | Found Xifaneab's Assorted Antiques.
 22753 | Shoals:1 | Noticed qw's ghost (adept GrFi)
 22756 | Shoals:1 | 22756 ||| READING scroll labelled YVALEU TEAKUL.
 22876 | Shoals:2 | Reached skill level 17 in Axes
 22883 | Shoals:2 | Noticed Ilsuiw
 22883 | Shoals:2 | 22883 ||| Stepping ~*~*~tactically~*~*~ (stealth).
 22887 | Shoals:2 | 22887 ||| INVOKING Heroism.
 22932 | Shoals:2 | 22932 ||| INVOKING Heroism.
 22961 | Shoals:2 | Killed Ilsuiw
 23131 | Shoals:2 | 23131 ||| Stepping ~*~*~tactically~*~*~ (hiding).
 23134 | Shoals:2 | 23134 ||| Stepping ~*~*~tactically~*~*~ (hiding).
 23135 | Shoals:2 | 23135 ||| Stepping ~*~*~tactically~*~*~ (hiding).
 23403 | Shoals:2 | 23403 ||| READING scroll of enchant armour.
 23403 | Shoals:2 | 23403 ||| ENCHANTING +2 plate armour of fire resistance.
 23540 | Shoals:2 | Noticed Nikola
 23541 | Shoals:2 | 23541 ||| INVOKING Heroism.
 23569 | Shoals:2 | Killed Nikola
 23710 | Shoals:2 | 23710 ||| DROPPING +3 plate armour.
 23800 | Shoals:3 | 23800 ||| Stepping ~*~*~tactically~*~*~ (hiding).
 23872 | Shoals:3 | 23872 ||| Stepping ~*~*~tactically~*~*~ (hiding).
 23873 | Shoals:3 | 23873 ||| Stepping ~*~*~tactically~*~*~ (hiding).
 23915 | Shoals:3 | 23915 ||| Stepping ~*~*~tactically~*~*~ (hiding).
 23965 | Shoals:3 | 23965 ||| INVOKING Heroism.
 24013 | Shoals:3 | Reached skill level 18 in Axes
 24181 | Shoals:3 | 24181 ||| INVOKING Heroism.
 24189 | Abyss:2  | Cast into level 2 of the Abyss (merfolk impaler)
 24238 | Abyss:2  | Found a corrupted altar of Lugonu.
 24238 | Abyss:2  | Found a shimmering altar of Xom.
 24239 | Abyss:2  | 24239 ||| Stepping ~*~*~tactically~*~*~ (hiding).
 24263 | Abyss:2  | 24263 ||| Stepping ~*~*~tactically~*~*~ (stealth).
 24269 | Abyss:2  | 24269 ||| Stepping ~*~*~tactically~*~*~ (hiding).
 24345 | Abyss:2  | 24345 ||| Stepping ~*~*~tactically~*~*~ (hiding).
 24350 | Abyss:2  | Found a shimmering altar of Xom.
 24373 | Abyss:2  | 24373 ||| Stepping ~*~*~tactically~*~*~ (stealth).
 24418 | Abyss:2  | 24418 ||| Stepping ~*~*~tactically~*~*~ (stealth).
 24459 | Abyss:2  | Noticed a bone dragon
 24460 | Abyss:2  | 24460 ||| Stepping ~*~*~tactically~*~*~ (hiding).
 24462 | Abyss:2  | 24462 ||| Stepping ~*~*~tactically~*~*~ (stealth).
 24474 | Abyss:2  | 24474 ||| INVOKING Heroism.
 24492 | Abyss:2  | Killed a bone dragon
 24496 | Abyss:2  | 24496 ||| Stepping ~*~*~tactically~*~*~ (stealth).
 24513 | Abyss:2  | Received a gift from Okawaru
 24562 | Abyss:2  | 24562 ||| Stepping ~*~*~tactically~*~*~ (stealth).
 24608 | Abyss:2  | 24608 ||| Stepping ~*~*~tactically~*~*~ (stealth).
 24609 | Abyss:2  | 24609 ||| Stepping ~*~*~tactically~*~*~ (stealth).
 24613 | Abyss:2  | 24613 ||| Stepping ~*~*~tactically~*~*~ (stealth).
 24614 | Abyss:2  | 24614 ||| Stepping ~*~*~tactically~*~*~ (hiding).
 24615 | Abyss:2  | 24615 ||| Stepping ~*~*~tactically~*~*~ (hiding).
 24627 | Abyss:2  | 24627 ||| INVOKING Heroism.
 24627 | Abyss:2  | HP: 18/106 [blizzard demon/bolt of lightning (11)]
 24628 | Abyss:2  | 24628 ||| READING 7 scrolls of teleportation.
 24628 | Abyss:2  | Killed from afar by an ophan

Levels and vault maps discovered:
D:1:      onia_arrival_mini_spirals, layout_loops_ring,
          ebering_ecumenical_altar_webs, serial_shops, shop
D:2:      layout_loops_corners, uniq_jessica, uniq_terence
D:3:      layout_rooms
D:4:      nicolae_cairo_tiling_large, layout_cave_pools, serial_shops,
          nicolae_shop_hallway_plus
D:5:      layout_loops_ring, bloody_trog, uniq_ijyb
D:6:      minmay_polygon_palace, layout_loops_ring,
          mainiacjoe_overflow_chevrons, vehumet_statue, temple_green,
          gup_sewer_entry_glass
D:7:      layout_cave_pools, regret_index_temple_of_mockery, serial_rivers,
          chequers_serial_rivers_large_a, chequers_serial_rivers_small_3,
          chequers_serial_rivers_room_b, chequers_serial_rivers_large_b,
          chequers_serial_rivers_small_a, serial_shops, shop,
          palyth_stone_intersect, uniq_menkaure
D:8:      nzn_winding_woodlands_medium [nzn_winding_woodlands_hourglass,
          nzn_winding_woodlands_5x15_default, nzn_winding_woodlands_5x5_default,
          nzn_winding_woodlands_5x5_closed_star,
          nzn_winding_woodlands_center_triple_pond,
          nzn_winding_woodlands_5x5_cross, nzn_winding_woodlands_5x5_three,
          nzn_winding_woodlands_5x15_concentric,
          nzn_winding_woodlands_5x5_open_star], layout_loops_ring,
          mainiacjoe_overflow_surrounded_room, enter_bailey_2, serial_shops,
          nicolae_shop_crystal, minmay_radiant, uniq_prince_ribbit1
D:9:      layout_long_grid, mainiacjoe_overflow_paths, amcnicky_altar_gilded,
          mainiacjoe_overflow_divided_tiny, serial_glass, glass_columns_a,
          glass_columns_a, minmay_strange_pillars, minmay_strange_pillars,
          lightli_church_of_beogh
D:10:     layout_cave_pools, lemuel_doored_altar, grunt_ministairs_10,
          roderic_roman_lattice, nooodl_orcs_dogs
D:11:     layout_rooms, kennysheep_orc_monster_closet_entryway
D:12:     layout_cave_pools, minivault_23
D:13:     layout_cave_pools, grunt_vaults_entry_fortified
D:14:     layout_cave_pools
D:15:     grunt_enter_depths_giant_problem, layout_loops_corners,
          serial_park_square1 [serial_park_minivault_5x5_2], grunt_ministairs_3
Temple:   nicolae_temple_ecumenical_triangle
Lair:1:   layout_cave_pods, gauntlet_entry_generic, minivault_27,
          grunt_megastairs_4, uniq_amaemon
Lair:2:   dragon1_lemuel, layout_gridlike, nicolae_spider_entry_non_spiders,
          kennysheep_snail_temple
Lair:3:   layout_big_grid, minmay_shoals_entry_hut, basic_altar,
          gammafunk_lair_bear_cave
Lair:4:   layout_layer_cave, minmay_slime_entry_oklob_enclosed
Lair:5:   grunt_lair_end_beastmaster, layout_loops_ring, serial_bayou_shore_a,
          grunt_megastairs_2
Shoals:1: layout_shoals, ebering_ghost_gozag, nicolae_shoals_square_sea_wall
Shoals:2: layout_shoals, uniq_ilsuiw, uniq_nikola
Shoals:3: layout_shoals, nicolae_shoals_lost_giant_hut,
          nicolae_shoals_kraken_intersection
Orc:1:    layout_caves
Orc:2:    grunt_orc_gardens, layout_caves, grunt_orc_garden, grunt_orc_garden,
          grunt_orc_garden, grunt_orc_garden,
          portal_ice_cave_entry_ice_simulacra, serial_shops,
          nicolae_shop_window_shopping, bloody_makhleb, uniq_jorgrun
Abyss:2:  base:
Orc:2

Skill      XL: |  1  2  3  4  5  6  7  8  9 10 11 12 13 14 15 16 |
---------------+-------------------------------------------------+-----
Axes           | 2 3 4 5 7 8 9 11 12 13 15 16 18 | 18.0
Throwing       | 1 3 4 |  4.5
Fighting       | 4 6 7 8 9 10 11 13 14 | 14.0
Dodging        | 1 2 |  2.0
Armour         | 4 5 6 8 9 10 11 | 11.3
Shields        | 4 5 6 7 8 13 14 | 14.0
Invocations    | 4 7 10 | 10.0

Action                     |  1- 3 |  4- 6 |  7- 9 | 10-12 | 13-15 | 16-18 || total
---------------------------+-------+-------+-------+-------+-------+-------++-------
  Melee: War axe           |    98 |   126 |   366 |   392 |   981 |       ||  1963
         Demon whip        |       |       |       |       |    17 |       ||    17
         Broad axe         |       |       |       |       |    90 |   572 ||   662
  Throw: Boomerang         |     8 |    41 |    90 |    53 |   122 |    45 ||   359
         Javelin           |     3 |     6 |       |    36 |    23 |       ||    68
 Invoke: Heroism           |       |       |     4 |    20 |    40 |    11 ||    75
         Finesse           |       |       |       |       |     5 |       ||     5
    Use: Scroll            |     2 |     3 |     9 |    12 |    11 |     3 ||    40
         Potion            |       |     4 |     5 |     3 |     5 |       ||    17
 Armour: Scale mail        |    56 |    78 |       |       |       |       ||   134
         Plate armour      |       |       |   261 |   320 |   642 |   344 ||  1567
  Dodge: Dodged            |    43 |    62 |    93 |   131 |   383 |   201 ||   913
         Repelled          |       |       |       |     2 |    10 |     7 ||    19
  Block: Buckler           |     8 |    25 |    78 |   145 |   208 |       ||   464
         Kite shield       |       |       |       |       |   207 |   310 ||   517
         Reflection        |       |       |       |       |       |    27 ||    27

Table legend:
 A = Non-vault XP
 B = Vault XP
 C = Vault XP percentage of total XP
 D = Non-vault monster count
 E = Vault monster count
 F = Vault count percentage of total count
                 A         B        C        D         E       F
            +---------+---------+-------+---------+---------+-------
      Total |  112410 |   57580 |  33.9 |     528 |     246 |  31.8
            +---------+---------+-------+---------+---------+-------
        D:1 |      44 |       0 |   0.0 |      24 |       0 |   0.0
        D:2 |      64 |      73 |  53.3 |      29 |       2 |   6.5
        D:3 |      13 |       0 |   0.0 |       9 |       0 |   0.0
        D:4 |     488 |       0 |   0.0 |      25 |       0 |   0.0
        D:5 |     547 |      33 |   5.7 |      14 |       1 |   6.7
        D:6 |    1078 |     906 |  45.7 |      24 |      17 |  41.5
        D:7 |     547 |     242 |  30.7 |      11 |       2 |  15.4
        D:8 |    1511 |    3085 |  67.1 |      12 |      17 |  58.6
        D:9 |    1925 |       0 |   0.0 |      12 |       0 |   0.0
       D:10 |    2934 |    1955 |  40.0 |      22 |      26 |  54.2
       D:11 |    4450 |    1456 |  24.7 |      14 |      20 |  58.8
       D:12 |    3321 |       0 |   0.0 |      20 |       0 |   0.0
       D:13 |    5471 |    6904 |  55.8 |      20 |      10 |  33.3
       D:14 |    9674 |       0 |   0.0 |      31 |       0 |   0.0
       D:15 |    8233 |    2356 |  22.2 |      21 |       3 |  12.5
     Lair:1 |    2313 |    4608 |  66.6 |       9 |      10 |  52.6
     Lair:2 |    3513 |    3584 |  50.5 |      15 |      14 |  48.3
     Lair:3 |    6831 |    1007 |  12.8 |      24 |       5 |  17.2
     Lair:4 |    6070 |    1672 |  21.6 |      24 |       3 |  11.1
     Lair:5 |   13724 |    9222 |  40.2 |      30 |      20 |  40.0
   Shoals:1 |    5878 |       0 |   0.0 |      12 |       0 |   0.0
   Shoals:2 |    9461 |    5264 |  35.7 |      17 |       6 |  26.1
   Shoals:3 |    7497 |       0 |   0.0 |      18 |       0 |   0.0
      Orc:1 |    4582 |       0 |   0.0 |      41 |       0 |   0.0
      Orc:2 |    1808 |   10441 |  85.2 |      23 |      21 |  47.7
    Abyss:2 |   10433 |       0 |   0.0 |      27 |       0 |   0.0
      Sewer |       0 |     412 | 100.0 |       0 |      54 | 100.0
   Gauntlet |       0 |    4360 | 100.0 |       0 |      15 | 100.0
            +---------+---------+-------+---------+---------+-------
